 Seeded DCSS version 0.27.0-1-g7a089689b8 (webtiles) character file.

Game seed: 20210817 (custom seed)

1358 mainiacjoe the Cleaver (level 8, -6/69 HPs)
             Began as a Palentonga Fighter on Aug 17, 2021.
             Mangled by Edmund (8 damage)
             ... on level 5 of the Dungeon on Aug 18, 2021.
             The game lasted 00:16:46 (5821 turns).

mainiacjoe the Cleaver (Palentonga Fighter)         Turns: 5821, Time: 00:16:47

Health: -6/69      AC: 14    Str: 21    XL:     8   Next: 37%
Magic:  8/8        EV:  7    Int:  9    God:
Gold:   250        SH:  8    Dex: 10    Spells: 7/7 levels left

rFire    . . .     SeeInvis +   a - +0 war axe
rCold    + . .     Faith    .   c - +0 kite shield
rNeg     . . .     Spirit   .   d - +2 robe {rC+}
rPois    +         Reflect  .   k - +0 helmet
rElec    .         Harm     .   (no cloak)
rCorr    .         Rampage  .   (no gloves)
Will     .....                  (no barding)
Stlth    +.........             (no amulet)
HPRegen  0.21/turn              e - ring of poison resistance
MPRegen  0.11/turn              (no ring)

@: curled up
A: large, rugged brown scales 3, see invisible, deformed body, roll 1, armoured
tail, reflexive curl
a: Rolling Charge


You were on level 5 of the Dungeon.
You visited 1 branch of the dungeon, and saw 5 of its levels.

You collected 250 gold pieces.

Inventory:

Hand Weapons
 a - a +0 war axe (weapon)
 b - a +0 hunting sling
Missiles
 j - 60 stones
 m - 32 arrows
 p - 34 poisoned darts
 u - 16 bolts
Armour
 c - a +0 kite shield (worn)
 d - a +2 robe of cold resistance (worn)
 h - a +0 scale mail
 i - a +0 ring mail
 k - a +0 helmet (worn)
 l - a +0 leather armour
Jewellery
 e - a ring of poison resistance (left hand)
 v - a ring of positive energy
Wands
 q - a wand of iceblast (9)
 x - a wand of paralysis (1)
Scrolls
 g - a scroll of blinking
 n - a scroll of enchant armour {unknown}
 r - 3 scrolls of teleportation {unknown}
 s - a scroll of noise {unknown}
 t - a scroll of amnesia {unknown}
 w - a scroll of fog
 y - a scroll of magic mapping {unknown}
 A - 2 scrolls of identify
Potions
 f - a potion of invisibility
 o - a potion of curing
 z - a potion of attraction


   Skills:
 + Level 6.6 Fighting
 * Level 8.7 Axes
 - Level 2.4 Armour
 - Level 2.4 Shields


You had 7 spell levels left.
You didn't know any spells.
Your spell library contained the following spells:

 Spells                   Type           Power      Damage    Failure   Level
 Freeze                   Ice            0%         1d3       86%         1
 Magic Dart               Conj           0%         1d3       86%         1
 Pain                     Necr           0%         1d4       86%         1
 Call Imp                 Summ           0%         N/A       94%         2
 Searing Ray              Conj           0%         3d3       94%         2
 Frozen Ramparts          Ice            0%         1d2       99%         3
 Mephitic Cloud           Conj/Pois/Air  0%         N/A       99%         3
 Fulminant Prism          Conj/Hex       0%         3d6       100%        4
 Hailstorm                Conj/Ice       0%         3d3       100%        4
 Agony                    Necr           0%         N/A       100%        5
 Excruciating Wounds      Necr           0%         N/A       100%        5


Dungeon Overview and Level Annotations

Branches:
Dungeon (5/15)
 Temple: D:4-7

Altars:
Ashenzari
Sif Muna

Annotations:
D:2 1 runed translucent door, exclusion: door, Crazy Yiuf
D:3 1 runed translucent door, RascalDebosk's ghost, amateur DrFi
D:5 Edmund


Innate Abilities, Weirdness & Mutations

You are completely covered in rugged brown scales. (AC +3, +7% HP)
You have supernaturally acute eyesight. (SInv)
Armour fits poorly on your strangely shaped body.
You can roll at nearby foes to attack.
You have a long armoured tail.
You curl defensively after being hit.


Message History

Edmund barely misses you. You block Edmund's attack.
You hit Edmund but do no damage.
Edmund is moderately wounded.
Edmund hits you with a +1 dire flail of protection!
You hit Edmund but do no damage. You tail-slap Edmund, but do no damage.
Edmund is moderately wounded.
Edmund barely misses you.
You hit Edmund but do no damage.
Edmund is moderately wounded.
You block Edmund's attack.
You barely miss Edmund.
Edmund is moderately wounded.
Edmund barely misses you. You block Edmund's attack.
You closely miss Edmund.
Edmund is moderately wounded.
You block Edmund's attack.
You hit Edmund but do no damage. You tail-slap Edmund.
Edmund is moderately wounded.
Edmund hits you with a +1 dire flail of protection!
You barely miss Edmund.
Edmund is moderately wounded.
Edmund hits you with a +1 dire flail of protection.
* * * LOW HITPOINT WARNING * * *
You hit Edmund.
Edmund is moderately wounded.
Edmund hits you with a +1 dire flail of protection!
* * * LOW HITPOINT WARNING * * *
You block Edmund's attack.
You barely miss Edmund.
Edmund is moderately wounded.
Edmund hits you but does no damage.
You hit Edmund but do no damage.
Edmund is moderately wounded.
Edmund hits you with a +1 dire flail of protection!
* * * LOW HITPOINT WARNING * * *
You completely miss Edmund.
Edmund is moderately wounded.
Edmund gestures with his flail.
Edmund hits you with a +1 dire flail of protection!
You die...

#.. #) ## ...
#>#######
##.###.#.....#
#...#........#########
#...#.............<#
#........#######.#
##.#.....# #.#
#.###.####### #.#
#...@.# #># #...@..#
#.# #.#.##.## #.# #
#.# #.# #.# #.# ...
######.# #.# #.......
### # ######.# ##8##
#....#


You could see Edmund.

Vanquished Creatures
  Pikel (D:5)
  Sigmund (D:2)
  An ogre (D:4)
  A necrophage (D:4)
  A kobold brigand (D:4)
  A scorpion (D:4)
  A centaur zombie (D:5)
  A bullfrog zombie (D:5)
  2 iguanas (D:5)
  A scorpion zombie (D:5)
  3 orc wizards
  A hound zombie (D:5)
  2 hound skeletons (D:4)
  Robin (D:2)
  6 adders
  An ufetubus (D:3)
  A worm (D:4)
  A dart slug (D:1)
  9 orcs
  7 endoplasms
  A giant cockroach (D:1)
  13 goblins
  17 hobgoblins
  13 kobolds
  5 quokkas
  6 ball pythons
  2 bats (D:2)
  2 frilled lizards (D:3)
  A jackal skeleton (D:4)
  7 rats
110 creatures vanquished.

Notes
Turn   | Place    | Note
-------+----------+-------------------------------------------
     0 | D:1      | mainiacjoe the Palentonga Fighter began the quest for the
                  | Orb.
     0 | D:1      | Reached XP level 1. HP: 19/19 MP: 1/1
   780 | D:1      | Reached XP level 2. HP: 25/25 MP: 2/2
  1183 | D:2      | Reached skill level 3 in Axes
  1215 | D:2      | Reached XP level 3. HP: 15/31 MP: 3/3
  1762 | D:2      | Noticed Sigmund
  1763 | D:2      | Found a faded altar of an unknown god.
  1843 | D:2      | Noticed Robin
  2159 | D:2      | Killed Sigmund
  2160 | D:2      | Reached skill level 5 in Axes
  2160 | D:2      | Reached XP level 4. HP: 9/40 MP: 4/4
  2160 | D:2      | Reached XP level 5. HP: 10/46 MP: 5/5
  2436 | D:2      | Killed Robin
  2703 | D:2      | Found a runed translucent door.
  2704 | D:2      | Noticed Crazy Yiuf
  2887 | D:3      | Found a runed translucent door.
  2890 | D:3      | Noticed RascalDebosk's ghost (amateur DrFi)
  3105 | D:3      | Reached XP level 6. HP: 52/52 MP: 6/6
  4013 | D:4      | Found a broken altar of Ashenzari.
  4091 | D:4      | Reached skill level 5 in Fighting
  4091 | D:4      | Reached skill level 6 in Axes
  4100 | D:5      | Entered Level 5 of the Dungeon
  4375 | D:4      | Gained mutation: You curl defensively after being hit.
                  | [Palentonga growth]
  4375 | D:4      | Reached XP level 7. HP: 30/59 MP: 7/7
  4725 | D:4      | Reached skill level 7 in Axes
  5023 | D:5      | Noticed Pikel
  5041 | D:5      | Killed Pikel
  5042 | D:5      | Reached skill level 8 in Axes
  5042 | D:5      | Reached XP level 8. HP: 30/69 MP: 8/8
  5762 | D:5      | Found a shimmering blue altar of Sif Muna.
  5799 | D:5      | Noticed Edmund
  5820 | D:5      | HP: 2/69 [Edmund (7)]
  5821 | D:5      | Mangled by Edmund

Illustrated notes

Levels and vault maps discovered:
D:1:      eino_arrival_cavern_d, layout_basic
D:2:      layout_rooms, hellmonk_ecumenical_altar_heavens_door, uniq_robin,
          uniq_crazy_yiuf_cottage, uniq_sigmund
D:3:      layout_loops_ring, ebering_ghost_reflecting_pool,
          minmay_randomly_rotated_circles
D:4:      layout_basic, mainiacjoe_overflow_small_starburst, minmay_ruptured
D:5:      layout_loops_ring, nicolae_overflow_hidden_temple,
          serial_bayou_crossing, uniq_menkaure, uniq_edmund, uniq_pikel

Skill      XL: |  1  2  3  4  5  6  7 |
---------------+----------------------+-----
Axes           | 3 5 6 8 |  8.7
Fighting       | 4 5 6 |  6.6
Armour         | |  2.4
Shields        | |  2.4

Action                   |  1- 3 |  4- 6 |  7- 9 || total
-------------------------+-------+-------+-------++-------
Melee: War axe           |   107 |   128 |   101 ||   336
       Tailslap          |     9 |    12 |     9 ||    30
 Fire: Hunting sling     |       |    26 |     1 ||    27
Throw: Stone             |    17 |       |       ||    17
 Abil: Rolling Charge    |    17 |    18 |    14 ||    49
  Use: Potion            |     1 |       |       ||     1
       Scroll            |       |     3 |     2 ||     5
Armor: Scale mail        |    23 |       |       ||    23
       Ring mail         |    39 |     7 |       ||    46
       Robe              |       |    38 |    34 ||    72
Dodge: Dodged            |    36 |    20 |    30 ||    86
Block: Kite shield       |    44 |    48 |    37 ||   129
